 Dungeon Crawl Stone Soup version 0.30.1 (webtiles) character file.

Game seed: 11955213022169606658

1743 Arctor the Insei (level 9, -5/51 (59) HPs)
             Began as an Octopode Transmuter on July 5, 2023.
             Was an Initiate of Sif Muna.
             Slain by a wight
             ... wielding a +4 great sword
              (10 damage)
             ... on level 6 of the Dungeon.
             The game lasted 00:13:52 (6485 turns).

Arctor the Insei (Octopode Transmuter)              Turns: 6485, Time: 00:13:53

HP:   -5/51 (59)    AC:  9    Str: 13    XL:     9   Next: 5%
MP:   14/15         EV: 15    Int: 18    God:    Sif Muna [......]
Gold: 98            SH:  0    Dex: 16    Spells: 12/16 levels left

rFire   . . .        b - +2 sling (freeze)
rCold   + . .        (no shield)
rNeg    . . .        (helmet restricted)
rPois   .            (no amulet)
rElec   .            f - ring of flight
rCorr   +            g - ring "Juerui Locek" {rC+ rCorr Str+3 Int+3 Stlth+}
SInv    .            y - +4 ring of protection
Will    .....        (no ring)
Stlth   +++          (no ring)
HPRegen 0.28/turn    (no ring)
MPRegen 0.14/turn    (no ring)
                     (no ring)

%: no passive effects
@: flying, heavily drained
A: almost no armour, amphibious, 8 rings, camouflage 1, gelatinous body 1,
(nimble swimmer 1), tentacles, iridescent scales 2, noise suppression
a: Renounce Religion


You were on level 6 of the Dungeon.
You worshipped Sif Muna.
Sif Muna was noncommittal.
You visited 2 branches of the dungeon, and saw 7 of its levels.
You also visited: Sewer.

You collected 1166 gold pieces.
You spent 1068 gold pieces at shops.

Inventory:

Hand Weapons
 b - a +2 sling of freezing (weapon)
 i - a +0 dagger of draining
Jewellery
 f - a ring of flight (left tentacle)
 g - the ring "Juerui Locek" (right tentacle) {rC+ rCorr Str+3 Int+3 Stlth+}
   (You bought it in a shop on level 6 of the Dungeon)

   [ring of protection from cold]

   Str:       It affects your strength (+3).
   Int:       It affects your intelligence (+3).
   rC:        It protects you from cold.
   rCorr:     It protects you from acid and corrosion.
   Stlth:     It makes you more stealthy.
 y - a +4 ring of protection (on tentacle)
Wands
 e - a wand of flame (25)
 l - a wand of roots (4)
 v - a wand of charming (16)
 x - a wand of digging (5)
Scrolls
 d - 4 scrolls of immolation
 h - 2 scrolls of enchant armour
 k - 2 scrolls of teleportation
 m - a scroll of poison {unknown}
 p - 3 scrolls of silence {unknown}
 r - a scroll of amnesia {unknown}
 s - a scroll of enchant weapon {unknown}
Potions
 a - a potion of lignification
 c - 2 potions of brilliance
 j - a potion of degeneration
 n - 2 potions of curing
 o - 2 potions of haste
 q - a potion of cancellation {unknown}
 t - 3 potions of might {unknown}
 u - 5 potions of heal wounds {unknown}
 w - a potion of magic {unknown}
 z - 4 potions of attraction {unknown}


   Skills:
 + Level 4.4 Fighting
 + Level 4.1 Ranged Weapons
 + Level 4.8 Dodging
 + Level 5.3 Unarmed Combat
 + Level 4.3 Spellcasting
 + Level 4.9 Transmutations
 - Level 3.2 Poison Magic


You had 12 spell levels left.
You knew the following spells:

 Your Spells              Type           Power      Damage    Failure   Level
a - Beastly Appendage     Tmut           42%        N/A       1%          1
b - Spider Form           Tmut/Pois      18%        N/A       8%          3

Your spell library contained the following spells:

 Spells                   Type           Power      Damage    Failure   Level
 Wereblood                Tmut           21%        N/A       2%          2
 Passwall                 Tmut/Erth      10%        N/A       8%          2
 Ensorcelled Hibernation  Hex/Ice        6%         N/A       22%         2
 Sublimation of Blood     Necr           3%         N/A       22%         2
 Swiftness                Air            3%         N/A       38%         3
 Ice Form                 Ice/Tmut       12%        N/A       45%         4
 Summon Hydra             Summ           1%         N/A       100%        7


Dungeon Overview and Level Annotations

Branches:
Dungeon (6/15)             Temple (1/1) D:5           Sewer (visited)

Altars:
Ashenzari
Elyvilon
Fedhas
Hepliaklqana
Makhleb
Ru
Sif Muna
Uskayaw
Vehumet
Yredelemnul
Zin
The Shining One

Shops:
D:6 =


Innate Abilities, Weirdness & Mutations

You cannot wear most types of armour.
You are amphibious.
You can wear up to eight rings at the same time.
Your skin changes colour to match your surroundings (Stealth+).
Your rubbery body absorbs attacks. (AC +1, EV +1)
((You are camouflaged when in or above water. (Stealth+)))
You have tentacles for arms and can constrict up to eight enemies at once.
You are mostly covered in iridescent scales. (AC +4)
You passively dampen the noise of your surroundings.


Message History

You hit the wight.
The wight is heavily damaged.
Your transformation is almost over.
The wight hits you with a +4 great sword!
You feel drained.
You hit the wight.
The wight is severely damaged.
The wight completely misses you. The wight closely misses you.
You barely miss the wight.
The wight is severely damaged.
The wight hits you with a +4 great sword!
The wight hits you with a +1 flail of freezing!
You feel drained. The wight freezes you.
You are too injured to fight recklessly!
You are too injured to fight recklessly!
The wight attacks as you move away! The wight barely misses you.
The wight attacks as you move away! The wight misses you.
The wight attacks as you move away! The wight misses you.
There is a stone staircase leading up here.
You hit the wight but do no damage.
The wight is severely damaged.
The wight hits you with a +4 great sword.
You feel drained.
You hit the wight but do no damage.
The wight is severely damaged.
The wight hits you with a +4 great sword!
* * * LOW HITPOINT WARNING * * *
You feel drained.
* * * LOW HITPOINT WARNING * * *
You feel better.
Your transformation has ended.
Your +2 sling of freezing unmelds from your body.
Your +2 sling of freezing is covered in frost.
The wight hits you with a +4 great sword!
* * * LOW HITPOINT WARNING * * *
You feel drained.
* * * LOW HITPOINT WARNING * * *
The wight attacks as you move away!
The wight hits you with a +4 great sword!
You die...

#.....# # #.....#
# # #.....#### ..
#
#.....#..#####...
#
#.......8....'..
########<...##.
.....8.∩.8.#
#######...##
#...@8..### #
#...z.....#
..#######z#....#
........#.#..[.#
.##.......#....#
.''...)........#
.##.......##...#
#####'#.##...#
#.#.##.....


You could see 2 wights.

Vanquished Creatures
  Grinder (D:4)
  Edmund (D:4)
  A black bear (D:5)
  An ogre (D:5)
  A centaur (D:6)
  2 kobold brigands (Sewer)
  3 scorpions (D:6)
  A wight (D:6)
  A quasit (Sewer)
  3 hounds
  3 jellies
  2 gnoll boudas
  3 iguanas
  Ijyb (D:4)
  5 orc wizards
  6 gnolls
  7 adders
  2 shadow imps (Sewer)
  2 white imps
  5 ufetubi
  4 worms
  3 dart slugs
  10 orcs
  11 ball pythons
  3 bats
  5 endoplasms
  8 giant cockroaches
  5 hobgoblins
  12 jackals
  16 kobolds
  4 quokkas
  2 frilled lizards
  9 goblins
  A kobold zombie (Sewer)
  4 rats
148 creatures vanquished.

Vanquished Creatures (collateral kills)
  An ufetubus (Sewer)
1 creature vanquished.

Vanquished Creatures (others)
  A kobold zombie (Sewer)
1 creature vanquished.

Grand Total: 150 creatures vanquished

Notes
Turn   | Place    | Note
-------+----------+-------------------------------------------
     0 | D:1      | Arctor the Octopode Transmuter began the quest for the Orb.
     0 | D:1      | Reached XP level 1. HP: 13/13 MP: 3/3
   102 | D:1      | Reached XP level 2. HP: 18/18 MP: 5/5
   670 | D:1      | Reached XP level 3. HP: 17/23 MP: 4/6
   858 | D:1      | Found a faded altar of an unknown god.
  1415 | D:2      | Reached XP level 4. HP: 25/29 MP: 7/7
  1925 | D:3      | Reached skill level 1 in Ranged Weapons
  2232 | D:4      | Reached XP level 5. HP: 33/34 MP: 8/8
  2329 | D:4      | Found a glowing drain.
  2351 | Sewer    | Entered a sewer
  2469 | Sewer    | Identified a scroll of acquirement
  2469 | Sewer    | Acquired 853 gold pieces
  2536 | Sewer    | Found a burning altar of Makhleb.
  2536 | Sewer    | Noticed a kobold brigand
  2572 | Sewer    | Noticed a kobold brigand
  2778 | Sewer    | Killed a kobold brigand
  2779 | Sewer    | Reached XP level 6. HP: 40/40 MP: 10/10
  3103 | Sewer    | Reached skill level 4 in Unarmed Combat
  3203 | D:4      | Found a blossoming altar of Fedhas.
  3205 | D:4      | Noticed Ijyb
  3218 | D:4      | Killed Ijyb
  3292 | D:4      | Gained mutation: You are partially covered in iridescent
                  | scales. (AC +2) [potion of mutation]
  3292 | D:4      | Gained mutation: You passively dampen the noise of your
                  | surroundings. [potion of mutation]
  3292 | D:4      | Gained mutation: You are mostly covered in iridescent
                  | scales. (AC +4) [potion of mutation]
  3311 | D:4      | Learned a level 3 spell: Spider Form
  3586 | D:4      | Noticed Edmund
  3604 | D:4      | Killed Edmund
  3605 | D:4      | Reached XP level 7. HP: 8/45 MP: 8/11
  3755 | D:4      | Reached skill level 1 in Poison Magic
  4083 | D:4      | Noticed Grinder
  4099 | D:4      | HP: 1/46 [Grinder/nerve-wracking pain (13)]
  4132 | D:4      | Killed Grinder
  4133 | D:4      | Reached XP level 8. HP: 14/52 MP: 13/13
  4413 | D:4      | Found a white marble altar of Elyvilon.
  4471 | D:5      | Entered Level 5 of the Dungeon
  4854 | D:5      | Found a staircase to the Ecumenical Temple.
  4858 | Temple   | Entered the Ecumenical Temple
  4867 | Temple   | Became a worshipper of Sif Muna the Loreminder
  5316 | D:5      | Found a sacrificial altar of Ru.
  5749 | D:6      | Reached skill level 5 in Unarmed Combat
  6098 | D:6      | HP: 2/54 [something (4)]
  6107 | D:6      | Reached XP level 9. HP: 6/58 MP: 11/15
  6419 | D:6      | Found Yronui Cosch's Jewellery Shoppe.
  6453 | D:6      | Bought the ring "Juerui Locek" {rC+ rCorr Str+3 Int+3
                  | Stlth+} for 636 gold pieces
  6453 | D:6      | Bought a +4 ring of protection for 432 gold pieces
  6485 | D:6      | Slain by a wight

Illustrated notes

Levels and vault maps discovered:
D:1:      dpeg_arrival_simpleton_a, layout_loops_ring,
          shapermc_ecumenical_altar_mp_highgroup
D:2:      layout_loops_corners
D:3:      layout_rooms, serial_glass, glass_columns_a, glass_columns_a,
          glass_columns_b, glass_columns_b, glass_columns_c, glass_columns_a
D:4:      layout_basic, nicolae_elyvilon_temple_path, fedhas_altar_2,
          portal_sewer_entry_f, minmay_fractal_squares_5, uniq_edmund,
          uniq_grinder, uniq_ijyb
D:5:      layout_cave_pools, nicolae_ru_the_path_less_chosen,
          minmay_temple_entry_glassed_door
D:6:      layout_basic, serial_shops, nicolae_shop_statue_plus
Temple:   nicolae_temple_two_arcs

Skill      XL: |  1  2  3  4  5  6  7  8 |
---------------+-------------------------+-----
Ranged Weapons | 1 2 3 4 |  4.1
Fighting       | 2 3 4 |  4.4
Dodging        | 3 4 |  4.8
Transmutations | 3 4 |  4.9
Spellcasting   | 3 4 |  4.3
Unarmed Combat | 4 5 |  5.3
Poison Magic   | 2 3 |  3.2

Action                     |  1- 3 |  4- 6 |  7- 9 || total
---------------------------+-------+-------+-------++-------
  Melee: Unarmed           |    50 |    15 |   120 ||   185
         Constrict         |    19 |     1 |       ||    20
         Kick              |    13 |       |       ||    13
         Tentacles         |     7 |       |       ||     7
         Punch             |     1 |       |       ||     1
   Fire: Sling             |    47 |   216 |   106 ||   369
   Cast: Beastly Appendage |    22 |       |       ||    22
         Spider Form       |       |     1 |    18 ||    19
  Evoke: Wand              |       |     1 |       ||     1
    Use: Scroll            |       |     7 |     2 ||     9
         Potion            |       |     4 |     6 ||    10
   Stab: Sleeping          |     2 |       |       ||     2
 Armour: Skin              |     6 |    17 |    16 ||    39
  Dodge: Dodged            |    42 |   138 |   162 ||   342
